 Dungeon Crawl Stone Soup version 0.24-a0-317-g5cb8de4 (webtiles) character file.

Game seed: 4381116263245157342

135 mhoghedin the Sneak (level 4, -2/37 HPs)
             Began as a Demigod Assassin on May 16, 2019.
             Slain by an orc warrior
             ... wielding a +0 long sword
              (15 damage)
             ... on level 3 of the Dungeon.
             The game lasted 00:05:43 (2868 turns).

mhoghedin the Sneak (Demigod Assassin)              Turns: 2868, Time: 00:05:44

Health: -2/37      AC:  3    Str: 16    XL:     4   Next: 66%
Magic:  6/6        EV: 13    Int: 15    God:
Gold:   131        SH:  0    Dex: 17    Spells: 3/3 levels left

rFire    + + .     SeeInvis .   b - +2 dagger
rCold    x . .     Gourm    .   (no shield)
rNeg     . . .     Faith    .   f - +0 robe
rPois    .         Spirit   .   (no helmet)
rElec    .         Reflect  .   c - +0 cloak
rCorr    .         Harm     .   (no gloves)
MR       .....                  (no boots)
Stlth    +++.......             (no amulet)
HPRegen  0.12/turn              h - ring of protection from fire {rF+, !d}
MPRegen  0.10/turn              m - ring of fire {rF+, rC-}

@: no status effects
A: high mp 1
a: no special abilities


You were on level 3 of the Dungeon.
You were not hungry.

You visited 1 branch of the dungeon, and saw 3 of its levels.

You collected 131 gold pieces.

Inventory:

Hand Weapons
 b - a +2 dagger (weapon)
Missiles
 d - 13 poisoned darts (quivered)
 l - 5 boomerangs
Armour
 a - a +1 helmet
   (You took it off Robin on level 2 of the Dungeon)
 c - a +0 cloak (worn)
 f - a +0 robe (worn)
Jewellery
 h - a ring of protection from fire (left hand) {rF+, !d}
   (You found it on level 1 of the Dungeon)
 m - a ring of fire (right hand) {rF+, rC-}
   (You found it on level 2 of the Dungeon)
Scrolls
 e - a scroll of teleportation
 j - a scroll of enchant armour {unknown}
 k - a scroll of remove curse {unknown}
Potions
 g - a potion of resistance {unknown}
 n - a potion of mutation {unknown}
Comestibles
 i - 3 rations


   Skills:
 + Level 2.5 Fighting
 + Level 2.5 Short Blades
 + Level 2.6 Throwing
 + Level 2.1 Dodging
 + Level 4.2 Stealth


You had 3 spell levels left.
You didn't know any spells.
Your spell library was empty.

Dungeon Overview and Level Annotations

Branches:
Dungeon (3/15)


Innate Abilities, Weirdness & Mutations

You have an increased reservoir of magic. (+10% MP)


Message History

You throw a poisoned dart. The poisoned dart hits the worm.
The worm is poisoned.
Throwing (i - inventory. (/) - cycle)
d - 16 poisoned darts (quivered)
Aim: a worm (moderately wounded, poisoned)
You throw a poisoned dart.
The poisoned dart barely misses the worm.
Throwing (i - inventory. (/) - cycle)
d - 15 poisoned darts (quivered)
Aim: a worm (moderately wounded, poisoned)
You throw a poisoned dart.
The poisoned dart barely misses the worm.
Throwing (i - inventory. (/) - cycle)
d - 14 poisoned darts (quivered)
Aim: a worm (moderately wounded, poisoned)
You throw a poisoned dart. The poisoned dart hits the worm.
The worm looks even sicker.
Throwing (i - inventory. (/) - cycle)
d - 13 poisoned darts (quivered)
Aim: a worm (moderately wounded, poisoned)
You throw a poisoned dart.
The poisoned dart barely misses the worm.
Throwing (i - inventory. (/) - cycle)
d - 12 poisoned darts (quivered)
Aim: a worm (lightly wounded, poisoned)
You throw a poisoned dart. The poisoned dart hits the worm.
The worm looks even sicker.
Throwing (i - inventory. (/) - cycle)
d - 11 poisoned darts (quivered)
Aim: a worm (moderately wounded, poisoned)
You throw a poisoned dart. The poisoned dart hits the worm!
The worm looks as sick as possible!
Health restored: 37 You hit the worm.
The worm bites you but does no damage.
You hit the worm but do no damage. You hit the worm. The worm bites you!
You take 11 damage, and have 26/37 hp.
MASSIVE DAMAGE!!
You hit the worm. You hit the worm. The worm bites you but does no damage.
You hit the worm.
You kill the worm!
You start resting.
Health restored: 37
d - 12 poisoned darts (gained 2)
d - 13 poisoned darts (gained 1)
d - 14 poisoned darts (gained 1)
d - 17 poisoned darts (gained 3)
i - 3 rations (gained 1)
d - 18 poisoned darts (gained 1)
You now have 131 gold pieces (gained 9).
There is an open door here.
An orc and an orc warrior come into view.
The orc is wielding a +2 flail of crushing.
There are monsters nearby!
There are monsters nearby!
Throwing (i - inventory. (/) - cycle)
d - 18 poisoned darts (quivered)
Aim: an orc warrior, wielding a +0 long sword and wearing a +0 plate armour (resting)
Okay, then.
Unknown command.
Quiver which item? (- for none, * to show all) (? for menu, Esc to quit)
Okay, then.
Unknown command.
Throwing (i - inventory. (/) - cycle)
d - 18 poisoned darts (quivered)
Aim: an orc warrior, wielding a +0 long sword and wearing a +0 plate armour (resting)
You throw a poisoned dart. The poisoned dart hits the orc warrior.
The orc warrior is poisoned.
The orc warrior shouts!
The orc shouts!
You hear a shout!
An orc wizard comes into view. It is wielding a +0 dagger.
The orc wizard moves out of view.
Throwing (i - inventory. (/) - cycle)
d - 17 poisoned darts (quivered)
Aim: an orc warrior, wielding a +0 long sword and wearing a +0 plate armour (poisoned)
You throw a poisoned dart. The poisoned dart hits the orc warrior.
The orc warrior looks even sicker.
There is an open door here.
The orc wizard casts a spell.
The orc wizard flickers and vanishes!
Deactivating autopickup; reactivate with Ctrl-A.
Throwing (i - inventory. (/) - cycle)
d - 16 poisoned darts (quivered)
Aim: an orc warrior, wielding a +0 long sword and wearing a +0 plate armour (lightly wounded, poisoned)
You throw a poisoned dart. The poisoned dart hits the orc warrior.
The orc warrior looks even sicker.
The orc warrior hits you with a +0 long sword!!
Ouch! That really hurt!
You take 21 damage, and have 16/37 hp.
MASSIVE DAMAGE!!
You hear some strange, mumbled words.
There is an open door here.
You aren't carrying any items that you can evoke.
Okay, then.
Unknown command.
Unknown command.
The orc warrior looks more healthy.
Throwing (i - inventory. (/) - cycle)
d - 15 poisoned darts (quivered)
Aim: an orc warrior, wielding a +0 long sword and wearing a +0 plate armour (heavily wounded)
You throw a poisoned dart.
The poisoned dart closely misses the orc warrior.
A magic dart appears from out of thin air!
The magic dart hits you.
You take 6 damage, and have 13/37 hp.
Throwing (i - inventory. (/) - cycle)
d - 14 poisoned darts (quivered)
Aim: an orc warrior, wielding a +0 long sword and wearing a +0 plate armour (heavily wounded)
You throw a poisoned dart. The poisoned dart hits the orc warrior.
The orc warrior is poisoned.
The orc warrior hits you with a +0 long sword!
You die...

#######.#####.###
#...............######
#.##.##.###..........#
#.#...#.# #...#.####.#
#.......###...#.## #.#
#.#...#..........# #.#
...##.##.####.##..###.# ###
#.##.####o##....#.#
#.##....@.(...o...# ##
##'#############.### ..
##...## #.# .## ##.....##
### #.# .. ##.......##
##.###.#
.####.........####...##.##
....'(........'.o......#.##
.####.........####....###.##
## ##.......## ##..## ##.##


You could see an orc warrior and an orc.

Vanquished Creatures
  Robin (D:2)
  5 adders (D:2)
  An ooze (D:2)
  2 worms
  2 dart slugs
  A leopard gecko (D:3)
  An orc (D:3)
  5 bats
  A giant cockroach (D:1)
  10 goblins
  13 hobgoblins
  2 jackals (D:2)
  8 kobolds
  2 quokkas
  4 frilled lizards
  3 rats
61 creatures vanquished.

Notes
Turn   | Place    | Note
-------+----------+-------------------------------------------
     0 | D:1      | mhoghedin the Demigod Assassin began the quest for the Orb.
     0 | D:1      | Reached XP level 1. HP: 17/17 MP: 3/3
    66 | D:1      | Reached skill level 1 in Dodging
   307 | D:1      | Reached skill level 2 in Throwing
   462 | D:1      | Reached skill level 2 in Fighting
   462 | D:1      | Reached skill level 2 in Short Blades
   462 | D:1      | Reached XP level 2. HP: 16/24 MP: 4/4
   858 | D:2      | Found a bloodstained altar of Trog.
   897 | D:2      | Noticed Robin
   912 | D:2      | HP: 4/24 [adder (4)]
   917 | D:2      | Reached XP level 3. HP: 24/29 MP: 5/5
   933 | D:2      | HP: 7/29 [poisoned by an adder]
  1453 | D:2      | Reached skill level 4 in Stealth
  1800 | D:2      | Killed Robin
  1800 | D:2      | Reached XP level 4. HP: 37/37 MP: 6/6
  1893 | D:2      | Reached skill level 2 in Dodging
  2827 | D:3      | Noticed an orc warrior
  2868 | D:3      | Slain by an orc warrior

Levels and vault maps discovered:
D:1:      scummos_arrival_star, layout_loops_ring
D:2:      layout_basic, bloody_trog, first_ration, uniq_robin
D:3:      layout_loops_corners, uniq_crazy_yiuf_cottage

Skill      XL: |  1  2  3  4 |
---------------+-------------+-----
Dodging        | 1 2 |  2.1
Throwing       | 2 |  2.6
Fighting       | 2 |  2.5
Short Blades   | 2 |  2.5
Stealth        | 4 |  4.2

Action                   |  1- 3 |  4- 6 || total
-------------------------+-------+-------++-------
Melee: Dagger            |    76 |    42 ||   118
Throw: Dart              |    20 |    33 ||    53
       Boomerang         |    27 |    18 ||    45
  Use: Scroll            |     4 |       ||     4
       Potion            |     2 |       ||     2
 Stab: Sleeping          |     5 |     1 ||     6
  Eat: Ration            |     1 |     1 ||     2
       Chunk             |       |     1 ||     1
Armor: Robe              |    24 |    10 ||    34
Dodge: Dodged            |    61 |    28 ||    89

Table legend:
 A = Non-vault XP
 B = Vault XP
 C = Vault XP percentage of total XP
 D = Non-vault monster count
 E = Vault monster count
 F = Vault count percentage of total count
                 A         B        C        D         E       F
            +---------+---------+-------+---------+---------+-------
      Total |     160 |      34 |  17.5 |      50 |      11 |  18.0
            +---------+---------+-------+---------+---------+-------
        D:1 |      20 |       0 |   0.0 |      12 |       0 |   0.0
        D:2 |     120 |      34 |  22.1 |      30 |      11 |  26.8
        D:3 |      20 |       0 |   0.0 |       8 |       0 |   0.0
            +---------+---------+-------+---------+---------+-------

Levels and vault maps discovered:
D:1:      scummos_arrival_star, layout_loops_ring
D:2:      layout_basic, bloody_trog, first_ration, uniq_robin
D:3:      layout_loops_corners, uniq_crazy_yiuf_cottage

Table legend:
 A = Turns spent in this place as a percentage of turns spent in the entire game.
 B = Non-inter-level travel turns spent in this place as a percentage of non-inter-level travel turns spent in the entire game.
 C = Inter-level travel turns spent in this place as a percentage of turns spent in this place.
 D = Turns resting spent in this place as a percentage of non-inter-level travel turns spent in this place.
 E = Turns spent auto-exploring this place as a percentage of non-inter-level travel turns spent in this place.
 F = Non-inter-level travel turns spent in this place divided by the number of levels of this place that you've seen.
                   A       B       C       D       E      F
               +-------+-------+-------+-------+-------+----------------------
         Total | 100.0 | 100.0 |   1.8 |  34.6 |  46.9 | 938.3
       Dungeon | 100.0 | 100.0 |   1.8 |  34.6 |  46.9 | 938.3
               +-------+-------+-------+-------+-------+----------------------

Table legend:
 A = Kills in this place as a percentage of kills in entire the game.
 B = Kills by you in this place as a percentage of kills by you in the entire game.
 C = Kills by friends in this place as a percentage of kills by friends in the entire game.
 D = Other kills in this place as a percentage of other kills in the entire game.
 E = Experience gained in this place as a percentage of experience gained in the entire game.
 F = Experience gained in this place divided by the number of levels of this place that you have seen.
                   A       B       C       D       E      F
               +-------+-------+-------+-------+-------+----------------------
         Total | 100.0 | 100.0 |   N/A |   N/A | 100.0 |  64.7
       Dungeon | 100.0 | 100.0 |   N/A |   N/A | 100.0 |  64.7
               +-------+-------+-------+-------+-------+----------------------
